Map: Ever Dream LE

Players

Trap - Winner!

  • Race: Protoss Protoss
  • Spawn Location: 7:00

Has

  • Race: Protoss Protoss
  • League: Master
  • Spawn Location: 1:00

Event: DreamHack SC2 Masters 2020 Summer Season Finals

VOD

Have the link to the VOD?

Description

Time

  • Played on: July 17, 2020, 11:40 a.m.
  • Length: 7:32

All games in this series

Show
View Real Time Build Order
Export as new Build Order

Trap Protoss - Winner!

Build Orders: Oracle Opening, Phoenix Opening 

Get SALT Encoding   

  12  0:00  Probe  
  13  0:12  Probe  
  14  0:16  Pylon  
  14  0:23  Probe  
  15  0:31  Probe  
  15  0:36  Gateway  
  15  0:40  Probe  
  16  0:47  Assimilator  
  17  0:51  Probe  
  17  0:55  Assimilator  
  18  1:03  Probe  
  19  1:15  Probe  
  20  1:26  Cybernetics Core  
  20  1:28  Gateway  
  20  1:30  Probe  
  21  1:38  Pylon  
  21  1:42  Probe  
  22  1:55  Probe  
  23  2:05  Stalker  
  23  2:06  Warp Gate  
  23  2:08  Probe  
  26  2:15  Stalker  
  28  2:29  Pylon  
  28  2:33  Stargate  
  28  2:40  Stalker  
  30  2:49  Stalker  
  32  2:54  Shield Battery  
  32  3:07  Shield Battery  
  32  3:09  Phoenix  
  32  3:16  Shield Battery  
  34  3:28  Oracle  
  37  3:44  Pylon  
  37  3:52  Nexus  
  37  4:00  Robotics Facility  
  37  4:06  Probe  
  38  4:13  Oracle  
  38  4:18  Probe  
  42  4:30  Probe  
  43  4:36  Shield Battery  
  43  4:42  Probe  
  44  4:50  Observer  
  44  4:54  Probe  
  46  5:01  Immortal  
  46  5:05  Probe  
  46  5:06  Probe  
  52  5:16  Stalker x2  
  56  5:31  Gateway  
  56  5:37  Warp Prism  
  58  5:45  Probe x2  
  58  5:49  Sentry, Stalker  
  61  5:59  Pylon, Probe  
  61  6:04  Pylon  
  62  6:16  Probe  
  61  6:20  Probe  
  61  6:23  Adept x2, Immortal  
  65  6:27  Adept, Pylon  
  65  6:28  Probe  
  71  6:40  Pylon  
  71  6:46  Sentry  
  73  6:47  Adept x2  
  77  7:00  Pylon  
  81  7:13  Adept x2  
Show
View Real Time Build Order
Export as new Build Order

Has Protoss 

Build Orders: Phoenix Opening 

Get SALT Encoding   

  12  0:01  Probe  
  13  0:13  Probe  
  14  0:17  Pylon  
  14  0:23  Probe  
  15  0:31  Probe  
  16  0:37  Gateway  
  16  0:39  Probe  
  16  0:47  Assimilator  
  17  0:51  Probe  
  18  0:59  Assimilator  
  18  1:02  Probe  
  19  1:06  Pylon  
  19  1:10  Probe  
  19  1:18  Probe  
  20  1:25  Cybernetics Core  
  21  1:30  Probe  
  21  1:31  Pylon  
  22  1:42  Probe  
  23  1:54  Adept, Probe  
  24  2:02  Warp Gate  
  24  2:06  Probe  
  24  2:08  Pylon  
  27  2:18  Probe  
  27  2:19  Stargate  
  27  2:21  Stalker  
  31  2:42  Nexus  
  31  3:02  Shield Battery  
  31  3:03  Phoenix  
  32  3:06  Robotics Facility  
  32  3:07  Probe  
  33  3:14  Sentry  
  33  3:17  Shield Battery  
  33  3:19  Probe, Pylon  
  36  3:23  Phoenix  
  36  3:25  Gateway  
  36  3:36  Pylon  
  37  3:50  Zealot  
  37  3:53  Immortal  
  42  3:58  Gateway  
  42  4:03  Gateway  
  42  4:04  Phoenix  
  45  4:26  Nexus  
  45  4:28  Phoenix  
  44  4:42  Immortal  
  48  4:46  Pylon  
  49  4:56  Phoenix  
  49  4:57  Probe  
  51  5:07  Twilight Council  
  51  5:10  Probe  
  52  5:15  Warp Prism  
  54  5:29  Probe  
  46  5:44  Sentry  
  47  5:55  Gateway  
  45  5:58  Zealot  
  47  6:04  Probe x2  
  49  6:22  Adept x2  
  49  6:23  Probe  
  54  6:34  Probe  
  54  6:35  Probe  
  56  6:44  Adept x2  
  61  6:48  Pylon  
  60  6:56  Probe x2  
  60  7:21  Zealot  
  60  7:23  Zealot  
Tags
 
Add a new tag
Caveats
  • Supply blocks, unpowered buildings, or Contaminate may cause inaccurate times.
  • Supply counts are checked every 10 seconds.